 Dungeon Crawl Stone Soup version 0.27-a0-1200-g94dc6ad4cf (webtiles) character file.

Game seed: 13583443394314811867

1158 streetpizza the Ducker (level 8, -2/59 HPs)
             Began as a Djinni Gladiator on May 31, 2021.
             Was an Initiate of Gozag.
             Slain by a wight
             ... wielding a +5 mace
              (3 damage)
             ... on level 8 of the Dungeon.
             The game lasted 00:19:17 (8025 turns).

streetpizza the Ducker (Djinni Gladiator)           Turns: 8025, Time: 00:19:18

Health: -2/59      AC:  5    Str: 13    XL:     8   Next: 66%
Gold:   878        EV: 14    Int: 13    God:    Gozag SH:  0 Dex: 14

rFire    + + +     SeeInvis +   a - +0 long sword
rCold    x . .     Faith    .   (no shield)
rNeg     . . .     Spirit   .   p - +1 leather armour {rF+}
rPois    ∞         Reflect  .   c - +0 helmet
rElec    .         Harm     .   (no cloak)
rCorr    .         Rampage  .   (no gloves)
Will     .....                  (boots unavailable)
Stlth    +.........             (no amulet)
HPRegen  0.19/turn              b - ring of see invisible
MPRegen  0.00/turn              (no ring)

@: flying
A: sickness immunity, fire resistance 2, cold vulnerability 1, float, innate
caster, hp casting, extra vitality 1
a: Renounce Religion, Potion Petition, Call Merchant, Bribe Branch


You were on level 8 of the Dungeon.
You worshipped Gozag.
Gozag was pleased with you.
You visited 2 branches of the dungeon, and saw 9 of its levels.

You collected 878 gold pieces.

Inventory:

Hand Weapons
 a - a +0 long sword (weapon)
 n - a +4 whip
Missiles
 d - 4 throwing nets
 h - 46 poisoned darts (quivered)
Armour
 c - a +0 helmet (worn)
 p - a +1 leather armour of fire resistance (worn)
 v - a +0 pair of gloves
Jewellery
 b - a ring of see invisible (left hand)
Wands
 o - a wand of paralysis (2)
Scrolls
 e - 9 scrolls of identify {unknown}
 g - 2 scrolls of enchant armour {unknown}
 j - a scroll of acquirement {unknown}
 k - 2 scrolls of noise
 l - 2 scrolls of teleportation
 q - 2 scrolls of blinking {unknown}
 r - a scroll of immolation {unknown}
 u - a scroll of amnesia {unknown}
Potions
 f - 2 potions of flight {unknown}
 i - 2 potions of ambrosia {unknown}
 m - 2 potions of curing
 s - 2 potions of lignification {unknown}
 t - a potion of brilliance {unknown}
 w - a potion of cancellation {unknown}


   Skills:
 + Level 5.1 Fighting
 + Level 5.1 Long Blades
 - Level 1.5 Throwing
 + Level 6.2 Dodging
 + Level 3.4 Spellcasting


You had 8 spell levels left.
You knew the following spells:

 Your Spells              Type           Power      Damage    Failure   Level
a - Foxfire               Conj/Fire      44%        2x1d6     7%          1
b - Call Imp              Summ           11%        N/A       11%         2
c - Slow                  Hex            11%        N/A       11%         2
Your spell library was empty.

Dungeon Overview and Level Annotations

Branches:
Dungeon (7/15)             Temple (1/1) D:4

Altars:
Ashenzari
Cheibriados
Dithmenos
Elyvilon
Fedhas
Gozag
Hepliaklqana
Kikubaaqudgha
Makhleb
Nemelex Xobeh
Okawaru
Qazlal
Ru
Sif Muna
Uskayaw
Vehumet
Wu Jian
Xom
Yredelemnul
Zin
The Shining One


Innate Abilities, Weirdness & Mutations

You are immune to sickness and miasma.
You are immune to poison.
Your flesh is very heat resistant. (rF++)
You are vulnerable to cold. (rC-)
You float through the air rather than walking.
You learn spells naturally, not from books.
Your magical power is your life essence.
You have superior vitality. (+4 HP)


Message History

Your surroundings suddenly seem different.
Found 10 gold pieces.
You now have 878 gold pieces (gained 10).
HP restored.
A wight comes into view. It is wielding a +5 mace.
The wight hits you with a +5 mace!
Found a book of Misfortune.
You closely miss the wight. The wight closely misses you.
You closely miss the wight. The wight hits you with a +5 mace.
You hit the wight.
The wight is moderately damaged.
The wight misses you.
You hit the wight.
The wight is moderately damaged.
The wight barely misses you.
You riposte.
You barely miss the wight.
The wight is moderately damaged.
The wight hits you with a +5 mace!
You barely miss the wight.
The wight is moderately damaged.
The wight hits you with a +5 mace.
You hit the wight but do no damage.
The wight is moderately damaged.
The wight hits you with a +5 mace!
You hit the wight.
The wight is heavily damaged.
The wight barely misses you.
You barely miss the wight.
The wight is heavily damaged.
The wight hits you with a +5 mace!
* * * LOW HITPOINT WARNING * * *
You closely miss the wight.
The wight is heavily damaged.
The wight hits you with a +5 mace!
* * * LOW HITPOINT WARNING * * *
Unknown command.
You hit the wight.
The wight is severely damaged.
The wight hits you with a +5 mace.
You die...
Your body crumbles into a pile of gold.

# # . #.####
:# #....#
##.# ####.#
... #.#
####z# #.###
#..@.# #...#
#.####
###.###.####
#........#
####.....#
#.....#
#.....#
#######


You could see a wight.

Vanquished Creatures
  Sigmund (D:5)
  A black bear (D:6)
  A kobold brigand (D:6)
  4 scorpions
  A centaur zombie (D:5)
  A centaur skeleton (D:5)
  2 bullfrog skeletons
  3 iguanas
  Ijyb (D:3)
  7 orc wizards
  A hound zombie (D:5)
  A hound skeleton (D:4)
  6 adders
  A shadow imp (D:6)
  A white imp (D:6)
  2 worms (D:2)
  A dart slug (D:1)
  16 orcs
  7 ball pythons
  7 bats
  2 endoplasms
  3 giant cockroaches
  7 goblins
  5 hobgoblins
  3 jackals (D:1)
  8 kobolds
  9 quokkas
  5 frilled lizards
  2 rats (D:3)
109 creatures vanquished.

Vanquished Creatures (others)
  An orc wizard (D:6)
  30 foxfires
31 creatures vanquished.

Grand Total: 140 creatures vanquished

Notes
Turn   | Place    | Note
-------+----------+-------------------------------------------
     0 | D:1      | streetpizza the Djinni Gladiator began the quest for the
                  | Orb.
     0 | D:1      | Reached XP level 1. HP: 18/18 MP: 0/0
   232 | D:1      | Reached XP level 2. HP: 19/23 MP: 0/0
   577 | D:1      | Reached XP level 3. HP: 19/29 MP: 0/0
   577 | D:1      | Learned a level 1 spell: Foxfire
  1285 | D:2      | Found a faded altar of an unknown god.
  1290 | D:2      | Became a worshipper of Gozag Ym Sagoz the Greedy
  1560 | D:2      | Reached skill level 1 in Spellcasting
  1923 | D:2      | Reached XP level 4. HP: 34/34 MP: 0/0
  2658 | D:3      | Reached skill level 4 in Dodging
  3225 | D:3      | Reached XP level 5. HP: 40/40 MP: 0/0
  3225 | D:3      | Learned a level 2 spell: Call Imp
  3527 | D:3      | Noticed Ijyb
  3529 | D:3      | Paralysed by Ijyb for 3 turns
  3540 | D:3      | Paralysed by Ijyb for 6 turns
  3556 | D:3      | Killed Ijyb
  4083 | D:4      | Reached XP level 6. HP: 46/46 MP: 0/0
  4179 | D:4      | Found a staircase to the Ecumenical Temple.
  4483 | D:4      | Reached XP level 7. HP: 46/51 MP: 0/0
  4483 | D:4      | Learned a level 2 spell: Slow
  4594 | Temple   | Entered the Ecumenical Temple
  4788 | D:5      | Entered Level 5 of the Dungeon
  4788 | D:5      | Noticed Sigmund
  4834 | D:5      | Reached skill level 5 in Dodging
  4997 | D:5      | Killed Sigmund
  5082 | D:5      | Reached XP level 8. HP: 45/58 MP: 0/0
  6219 | D:6      | Reached skill level 6 in Dodging
  6469 | D:6      | Reached skill level 5 in Long Blades
  6770 | D:6      | HP: 2/58 [orc wizard/puff of flame (2)]
  7078 | D:6      | Reached skill level 5 in Fighting
  7636 | D:6      | Found a sparkling altar of Nemelex Xobeh.
  7840 | D:7      | You are sucked into a shaft and drop 1 floor!
  8024 | D:8      | HP: 1/59 [wight/+5 mace (14)]
  8025 | D:8      | Slain by a wight

Illustrated notes

Levels and vault maps discovered:
D:1:      evilmike_arrival_rings, layout_loops_ring, glass_columns_b,
          minmay_misc_feat_columns, chequers_arboretum
D:2:      layout_basic, basic_ecumenical_altar
D:3:      layout_rooms, uniq_ijyb
D:4:      layout_rooms, temple_statues, minmay_misc_feat_pillars
D:5:      layout_loops_ring, uniq_sigmund
D:6:      layout_rooms, nicolae_overflow_hidden_temple
D:7:      layout_loops_corners, serial_shops, shop, serial_bayou_crossing
D:8:      layout_basic, chequers_decorated_corner, jiyva_altar_1
Temple:   regret_index_temple_chain_breaker

Skill      XL: |  1  2  3  4  5  6  7  8 |
---------------+-------------------------+-----
Long Blades    | 3 4 5 |  5.1
Spellcasting   | 1 2 3 |  3.4
Dodging        | 4 5 6 |  6.2
Fighting       | 3 4 5 |  5.1
Throwing       | |  1.5

Action                   |  1- 3 |  4- 6 |  7- 9 || total
-------------------------+-------+-------+-------++-------
Melee: Long sword        |   112 |   120 |   214 ||   446
       Whip              |       |    12 |       ||    12
Throw: Dart              |       |    15 |       ||    15
 Cast: Foxfire           |     2 |    15 |       ||    17
       Slow              |       |       |     6 ||     6
       Call Imp          |       |       |     1 ||     1
  Use: Scroll            |       |       |     2 ||     2
       Potion            |       |       |     1 ||     1
 Stab: Sleeping          |     1 |     1 |       ||     2
       Distracted        |       |       |     1 ||     1
Armor: Leather armour    |    39 |    37 |    38 ||   114
Dodge: Dodged            |   113 |    97 |   167 ||   377
       Rpst.: Long sword |    33 |    23 |    48 ||   104

Table legend: (Time is in decaauts)
 A = Elapsed time spent in this place.
 B = Non-inter-level travel time spent in this place.
 C = Inter-level travel time spent in this place.
 D = Time resting spent in this place.
 E = Time spent auto-exploring this place.
 F = Levels seen in this place.
 G = Mean time per level.
                   A        B        C        D        E       F      G
               +--------+--------+--------+--------+--------+-----+--------+
         Total |   8120 |   7929 |    191 |    938 |   5758 |   9 |  902.2 |
       Dungeon |   7935 |   7765 |    170 |    938 |   5596 |   8 |  991.9 |
        Temple |    184 |    163 |     21 |      0 |    162 |   1 |  184.0 |
               +--------+--------+--------+--------+--------+-----+--------+

Top non-repeatable levels by time:
     D:2: 1632 daAuts
     D:5: 1577 daAuts
     D:6: 1426 daAuts
     D:1: 1298 daAuts
     D:3: 998 daAuts
     D:4: 751 daAuts
     D:8: 186 daAuts
  Temple: 184 daAuts
     D:7: 64 daAuts
